cohdb
Replays
Latest Replays
All Replays
Popular Replays
Top Player Replays
Match Explorer
How It Works
Community
CoH3 Stats
Reddit
Sign in to upload your games and track your stats! →
Sign in with Steam
Match 45369811
Unlisted
Match 45369811
Overview
Messages
Build Orders
End
Kettenkrad Recon Vehicle
Selects Italian Coastal Battlegroup
Selects Coastal Reserves
Coastal Reserve
Coastal Reserve
Construct Infanterie Kompanie
MG 42 Machine Gun Team
Construct Luftwaffe Kompanie
Flak 30 Anti-aircraft Gun Team
221 Scout Car
Selects Support Bunkers
Selects Rapid Fortifications
Rapid Fortifications
Medical Bunker
Jäger Squad
Rapid Fortifications
Construct Panzer Kompanie
MG 42 Bunker
Selects Artillery Officer
Stoßtruppen Squad
Rapid Fortifications
Anti-tank Bunker
Selects Bulwark
Panzer IV Medium Tank
Rapid Fortifications
MG 42 Bunker
Rapid Fortifications
Repair Bunker
Selects Obice da 210/22 Artillery Emplacement
Panzer IV Medium Tank
Panzer Officer Quarters
Artillery Officer
HulkSMASH
✠Kaiser✠ tushkan
USA USA USA
乱杀大王
0
0
Comments
sign in to comment!
No comments posted yet!